 Dungeon Crawl Stone Soup version 0.19.5 (webtiles) character file.

37 Firecrotchwizard the Cudgeler (level 3, -2/40 HPs)
             Began as an Ogre Berserker on Apr 27, 2017.
             Was a Follower of Trog.
             Slain by an orc priest
             ... wielding a +0 hand axe
              (6 damage)
             ... on level 3 of the Dungeon.
             The game lasted 00:02:25 (1728 turns).

Firecrotchwizard the Cudgeler (Ogre Berserker)      Turns: 1728, Time: 00:02:25

Health: -2/40      AC:  3    Str: 22    XL:     3   Next: 41%
Magic:  3/3        EV: 10    Int:  6    God:    Trog [*.....]
Gold:   123        SH:  0    Dex: 10    Spells: 0 memorised, 2 levels left

rFire  . . .     SeeInvis .     a - +0 mace
rCold  . . .     Gourm    .     b - +0 animal skin
rNeg   . . .     Faith    .     (no shield)
rPois  .         Spirit   .     (helmet restricted)
rElec  .         Reflect  .     (no cloak)
rCorr  .         Harm     .     (gloves unavailable)
MR     .....                    (boots unavailable)
Stlth  +.........               (no amulet)
                                (no ring)
                                (no ring)

@: no status effects
A: unfitting armour, tough skin 1
a: Berserk, Burn Spellbooks, Renounce Religion


You were on level 3 of the Dungeon.
You worshipped Trog.
Trog was aware of your devotion.
You were not hungry.

You visited 1 branch of the dungeon, and saw 3 of its levels.

You collected 123 gold pieces.

Inventory:

Hand Weapons
 a - a +0 mace (weapon)
Armour
 b - a +0 animal skin (worn)
Scrolls
 d - a scroll of teleportation {unknown}
 f - 2 scrolls of identify {unknown}
 h - 2 scrolls of enchant weapon {unknown}
 i - 2 scrolls of remove curse {unknown}
Potions
 e - a potion of degeneration {unknown}
 k - a potion of resistance {unknown}
 l - a potion of haste {unknown}
 m - a potion of curing {unknown}
Comestibles
 c - 3 bread rations {@e1}
 g - 2 beef jerkies


   Skills:
 + Level 4.7 Fighting
 * Level 4.9 Maces & Flails
 + Level 2.9 Dodging


You had 2 spell levels left.
You didn't know any spells.

Dungeon Overview and Level Annotations

Branches:
Dungeon (3/15)

Altars:


Innate Abilities, Weirdness & Mutations

You are too large for most types of armour.
You have tough skin. (AC +1)


Message History

Trog accepts your kill.
You have reached level 3!
Your experience leads to an increase in your attributes!
Your base attributes are Str 21, Int 6, Dex 9.
Increase (S)trength, (I)ntelligence, or (D)exterity?
You feel agile.
You feel stronger.
You regained 2 hp, and now have 11/60 hp.
MP restored: 3 You see here an adder corpse.
You butcher the adder corpse.
You feel a strong urge to attack something.
j - 5 chunks of flesh {@w0} (gained 1)
You see here an adder skeleton.
You start resting.
Eating one of 5 chunks of flesh {@w0}.
You start eating one of the 5 chunks of flesh {@w0}.
You are no longer berserk.
Trog's vigour flows through your veins.
You are exhausted.
You feel yourself slow down.
You now have 8/40 hp.
You start resting.
You feel yourself speed up.
You regained 5 hp, and now have 13/40 hp.
You start resting.
You feel less exhausted.
You start resting.
Some of the chunks of flesh in your inventory have rotted away. x2
All of the chunks of flesh in your inventory have rotted away.
Health restored: 40
i - 2 scrolls labeled BIASUF JEYROE (gained 1)
You now have 123 gold pieces (gained 3).
An adder comes into view.
An adder is nearby!
You see here a brown potion.
The adder hisses angrily.
Found a stone staircase leading down.
You closely miss the adder. The adder closely misses you.
You hit the adder but do no damage. The adder bites you but does no damage.
The adder barely misses you.
You hit the adder. The adder completely misses you.
You hit the adder.
You kill the adder!
Trog accepts your kill.
No target in view!
You butcher the adder corpse.
j - a chunk of flesh {@w0}
k - a ruby potion
l - a brown potion
c - 3 bread rations {@e1} (gained 1)
m - an emerald potion You are feeling hungry.
Autoeating chunks.
Eating a chunk of flesh {@w0}.
You start eating the chunk of flesh {@w0}.
(D) Dungeon
Where to? (Enter - D:2, ? - help)
There is a stone staircase leading down here.
You climb downwards.
There is a stone staircase leading up here.
An orc comes into view. It is wielding a whip.
An orc priest comes into view. It is wielding a hand axe.
The orc priest shouts!
The orc priest begins to cast a cantrip, but forgets the words!
A bat and an orc come into view.
You see here 14 gold pieces.
You hit the orc priest. The bat closely misses you.
The orc priest closely misses you.
You barely miss the orc priest. The bat hits you but does no damage.
The orc hits you but does no damage. The orc priest completely misses you.
You hit the orc priest but do no damage.
The bat hits you but does no damage. The orc barely misses you.
The orc priest hits you with a hand axe.
You take 3 damage, and have 37/40 hp.
You closely miss the orc priest. The orc barely misses you.
The orc priest mumbles some strange prayers to Beogh against you.
Beogh smites you!
You take 12 damage, and have 25/40 hp.
MASSIVE DAMAGE!!
You closely miss the orc priest. The bat closely misses you.
The orc hits you with a whip. The orc hits you but does no damage.
The orc priest hits you with a hand axe.
You take 8 damage, and have 17/40 hp.
You barely miss the orc priest. The bat barely misses you. x2
The orc hits you with a whip. The orc hits you but does no damage.
The orc priest miscasts a cantrip.
The orc hits you with a whip.
* * * LOW HITPOINT WARNING * * *
You take 5 damage, and have 12/40 hp.
You closely miss the orc priest. The bat hits you but does no damage.
The orc hits you with a short sword.
* * * LOW HITPOINT WARNING * * *
The orc priest hits you with a hand axe.
* * * LOW HITPOINT WARNING * * *
The orc hits you but does no damage.
You take 6 damage, and have 6/40 hp.
You sock the orc priest! The bat barely misses you.
The orc hits you with a short sword.
* * * LOW HITPOINT WARNING * * *
The orc priest hits you with a hand axe.
You die...

.. #.#..# .# ... .
#.#..####.##... #.
#.#............
#..#.#............
#..#.#...........#
#....#b..........#
#.#...o#...........#
......o@$...........
..###.o...#.###.####
.........#<..#
#####....####.....
....... ..(.
#####..## ... ...#
## ##.#


You could see an orc priest, 2 orcs and a bat.

Vanquished Creatures
  2 adders (D:2)
  A bat (D:1)
  2 giant cockroaches (D:2)
  2 goblins (D:1)
  4 hobgoblins
  A quokka (D:2)
  2 frilled lizards
  4 kobolds (D:1)
  2 rats
20 creatures vanquished.

Vanquished Creatures (others)
  4 toadstools (D:1)
4 creatures vanquished.

Grand Total: 24 creatures vanquished

Notes
Turn   | Place    | Note
-------+----------+-------------------------------------------
     0 | D:1      | Firecrotchwizard the Ogre Berserker began the quest for the Orb.
     0 | D:1      | Reached XP level 1. HP: 24/24 MP: 1/1
   656 | D:1      | Reached XP level 2. HP: 25/33 MP: 2/2
  1423 | D:2      | HP: 8/33 [quokka (4)]
  1432 | D:2      | Reached XP level 3. HP: 11/40 MP: 3/3
  1727 | D:3      | HP: 10/40 [orc/short sword (2)]
  1728 | D:3      | HP: 4/40 [orc/short sword (3)]
  1728 | D:3      | Slain by an orc priest

Action                   || total
-------------------------++-------
Melee: Mace              ||    97
Invok: Berserk           ||     1
  Eat: Chunk             ||     4
Armor: Animal skin       ||    25
Dodge: Dodged            ||    66

Vault maps used:
D:1:      ldierk_walled_garden_2, serial_co_window_serial,
          co_window_of_opportunity_a, co_window_paths_b, co_window_paths_a,
          co_window_paths_b, co_window_paths_b, co_window_of_opportunity_a,
          co_window_cross_2, co_window_broadway_b, co_window_unsneaky_path_b,
          co_window_unsneaky_path_e, co_window_corner_b, co_window_broadway_c,
          co_window_corner_b, co_window_paths_d, co_window_4corner_a,
          glass_columns_b, glass_columns_b, glass_columns_a

Table legend:
 A = Turns spent in this place as a percentage of turns spent in the entire game.
 B = Non-inter-level travel turns spent in this place as a percentage of non-inter-level travel turns spent in the entire game.
 C = Inter-level travel turns spent in this place as a percentage of turns spent in this place.
 D = Turns resting spent in this place as a percentage of non-inter-level travel turns spent in this place.
 E = Turns spent auto-exploring this place as a percentage of non-inter-level travel turns spent in this place.
 F = Non-inter-level travel turns spent in this place divided by the number of levels of this place that you've seen.
                   A       B       C       D       E      F
               +-------+-------+-------+-------+-------+----------------------
         Total | 100.0 | 100.0 |   0.8 |   6.0 |  13.5 |  83.7
       Dungeon | 100.0 | 100.0 |   0.8 |   6.0 |  13.5 |  83.7
               +-------+-------+-------+-------+-------+----------------------

Table legend:
 A = Kills in this place as a percentage of kills in entire the game.
 B = Kills by you in this place as a percentage of kills by you in the entire game.
 C = Kills by friends in this place as a percentage of kills by friends in the entire game.
 D = Other kills in this place as a percentage of other kills in the entire game.
 E = Experience gained in this place as a percentage of experience gained in the entire game.
 F = Experience gained in this place divided by the number of levels of this place that you have seen.
                   A       B       C       D       E      F
               +-------+-------+-------+-------+-------+----------------------
         Total | 100.0 | 100.0 |  -nan |  -nan | 100.0 |  18.0
       Dungeon | 100.0 | 100.0 |  -nan |  -nan | 100.0 |  18.0
               +-------+-------+-------+-------+-------+----------------------
